 Dungeon Crawl Stone Soup version 0.31-a0-640-g39d97e502b (webtiles) character file.

Game seed: 4477246894751508824

88 qw the Shooter (level 4, -4/28 HPs)
             Began as a Gargoyle Hunter on Aug 27, 2023.
             Killed by divine providence
             ... invoked by an orc priest
              (8 damage)
             ... on level 3 of the Dungeon.
             The game lasted 00:00:43 (1914 turns).

qw the Shooter (Gargoyle Hunter)                    Turns: 1914, Time: 00:00:44

Health: -4/28      AC: 11    Str: 15    XL:     4   Next: 54%
Magic:  4/4        EV: 12    Int:  9    God:
Gold:   167        SH:  0    Dex: 15    Spells: 3/3 levels left

rFire   + . .        Y - +0 shortbow
rCold   . . .        (shield currently unavailable)
rNeg    + . .        e - +2 robe {rF+}
rPois   inf          (no helmet)
rElec   +            f - +2 cloak
rCorr   .            (no gloves)
SInv    .            h - +0 pair of boots
Will    .....        (no amulet)
Stlth   +            (no ring)
HPRegen 0.24/turn    (no ring)
MPRegen 0.09/turn

%: no passive effects
@: confused
A: sickness immunity, AC +3, negative energy resistance 1, electricity
resistance, torment resistance 1, petrification resistance
a: no special abilities


You were on level 3 of the Dungeon.
You visited 1 branch of the dungeon, and saw 3 of its levels.

You collected 167 gold pieces.


Innate Abilities, Weirdness & Mutations

You are immune to sickness and miasma.
Your stone body is resilient. (AC +3)
You are immune to poison.
You resist negative energy. (rN+)
You are resistant to electric shocks. (rElec)
You are resistant to unholy torment.
You are immune to petrification.


   Skills:
 - Level 3.0 Fighting
 + Level 5.5 Ranged Weapons
 - Level 1.5 Dodging
 - Level 1.1 Stealth


You had 3 spell levels left.
You didn't know any spells.
Your spell library was empty.

Inventory:

Hand Weapons
 Y - a +0 shortbow (weapon)
Armour
 e - a +2 robe of fire resistance (worn)
 f - a +2 cloak (worn)
 h - a +0 pair of boots (worn)
Scrolls
 i - a scroll of enchant weapon {unknown}
Potions
 a - a potion of haste {unknown}
 b - a potion of berserk rage {unknown}
 c - a potion of invisibility {unknown}
 d - a potion of enlightenment {unknown}
 g - a potion of cancellation {unknown}
 j - a potion of might {unknown}

Dungeon Overview and Level Annotations

Branches:
Dungeon (3/15)

Altars:


Message History

The orc misses you.
An orc wizard comes into view. It is wielding a +0 dagger.
You shoot an arrow. The arrow hits the orc.
The orc is heavily wounded.
The orc wizard gestures at you while chanting.
You resist with some effort.
You shoot an arrow. The arrow hits the orc.
You kill the orc!
The orc wizard mumbles some strange words.
The orc wizard flickers and vanishes!
Deactivating autopickup; reactivate with Ctrl-A.
You shoot an arrow. You shoot an arrow. Something hits you but does no damage.
You hear some strange, mumbled words.
You are confused.
An orc priest comes into view. It is wielding a +0 trident.
The orc priest hits you but does no damage.
Something hits you.
The orc priest hits you but does no damage.
You hear some strange, mumbled words.
You are more confused.
The orc priest hits you from afar with a +0 trident.
Something hits you but does no damage.
The orc priest hits you from afar with a +0 trident!
Something hits you but does no damage. The orc priest misses you.
Something barely misses you.
The orc priest hits you from afar with a +0 trident.
Something hits you but does no damage.
The orc priest hits you but does no damage.
You hear some strange, mumbled words.
A magic dart appears from out of thin air!
The magic dart hits you!
The orc priest looks braver for a moment.
Something hits you.
The orc priest hits you but does no damage.
Something hits you but does no damage.
The orc priest calls down the wrath of Beogh upon you.
Beogh smites you!
You die...

##...## ##'## ..
#.# .# # #.# .#.#
#####.## .#.
..##...## ..
#.#.....#########o#
#.##...##.......#{#
#.###.###.##....@)#
.............##.###
#.###.###.#####.#
..# #.# #.# #.# ###
#.# #.# #.# # #.#
#.. .(# # #.# ###
### # #.# #####
#####.###...#


You could see an orc priest.

Vanquished Creatures
  2 adders
  2 worms (D:2)
  2 dart slugs (D:1)
  5 orcs (D:3)
  5 ball pythons
  6 endoplasms
  A giant cockroach (D:1)
  7 hobgoblins
  4 kobolds
  2 quokkas
  3 bats
  6 goblins
  9 rats
54 creatures vanquished.

Notes
Turn   | Place    | Note
-------+----------+-------------------------------------------
     0 | D:1      | qw the Gargoyle Hunter began the quest for the Orb.
     0 | D:1      | Reached XP level 1. HP: 12/12 MP: 1/1
     0 | D:1      | 0 ||| qw: Version: 0.3-a-74-g0d5e918
     0 | D:1      | 0 ||| qw: Game counter: 131
     0 | D:1      | 0 ||| qw: Melee chars always use a shield: true
     0 | D:1      | 0 ||| qw: God list: Okawaru
     0 | D:1      | 0 ||| qw: Allow faded altars: false
     0 | D:1      | 0 ||| qw: Do Orc after clearing Dungeon:15 true
     0 | D:1      | 0 ||| qw: Do second Lair branch before Depths: true
     0 | D:1      | 0 ||| qw: Lair rune preference: random
     0 | D:1      | 0 ||| qw: Goals: Normal
     0 | D:1      | 0 ||| PLANNING D:1-11
    85 | D:1      | Reached XP level 2. HP: 17/17 MP: 2/2
   312 | D:1      | Reached XP level 3. HP: 21/21 MP: 3/3
   476 | D:1      | Reached skill level 5 in Ranged Weapons
   572 | D:1      | Found a faded altar of an unknown god.
   731 | D:1      | 731 ||| UPGRADING to +0 ring mail.
   741 | D:1      | 741 ||| DROPPING +0 leather armour.
   742 | D:1      | 742 ||| UPGRADING to +2 robe of fire resistance.
   752 | D:1      | 752 ||| DROPPING +0 ring mail.
   753 | D:1      | 753 ||| UPGRADING to +2 cloak.
   758 | D:1      | 758 ||| DROPPING scroll of butterflies.
   861 | D:2      | 861 ||| READING scroll labelled OMAKETY ALICICS.
  1095 | D:2      | Reached skill level 3 in Fighting
  1328 | D:2      | Reached XP level 4. HP: 28/28 MP: 4/4
  1409 | D:2      | 1409 ||| UPGRADING to +0 pair of boots.
  1414 | D:2      | 1414 ||| READING scroll labelled EGURIA WONAPP.
  1415 | D:2      | 1415 ||| READING scroll labelled QEQEUH ERRIG.
  1911 | D:3      | HP: 6/28 [something/magic dart (7)]
  1914 | D:3      | Killed from afar by an orc priest

Levels and vault maps discovered:
D:1:      arrival_zaba_pyramid, layout_basic, basic_ecumenical_altar
D:2:      layout_basic
D:3:      layout_loops_corners, kennysheep_generic_room_11

Skill      XL: |  1  2  3 |
---------------+----------+-----
Ranged Weapons | 5 |  5.5
Fighting       | 3 |  3.0
Dodging        | |  1.5
Stealth        | |  1.1

Action                     |  1- 3 |  4- 6 || total
---------------------------+-------+-------++-------
   Fire: Shortbow          |   106 |    51 ||   157
    Use: Scroll            |     1 |     2 ||     3
 Armour: Leather armour    |     3 |       ||     3
         Robe              |     7 |    12 ||    19
  Dodge: Dodged            |    17 |    13 ||    30

Table legend:
 A = Non-vault XP
 B = Vault XP
 C = Vault XP percentage of total XP
 D = Non-vault monster count
 E = Vault monster count
 F = Vault count percentage of total count
                 A         B        C        D         E       F
            +---------+---------+-------+---------+---------+-------
      Total |     127 |       0 |   0.0 |      54 |       0 |   0.0
            +---------+---------+-------+---------+---------+-------
        D:1 |      46 |       0 |   0.0 |      27 |       0 |   0.0
        D:2 |      43 |       0 |   0.0 |      15 |       0 |   0.0
        D:3 |      38 |       0 |   0.0 |      12 |       0 |   0.0
            +---------+---------+-------+---------+---------+-------
